 Dungeon Crawl Stone Soup version 0.26-a0-812-g31a745ddcd (webtiles) character file.

Game seed: 340120257690587043

1077 mkm the Firebug (level 8, -2/41 HPs)
             Began as a Gargoyle Fire Elementalist on Dec 2, 2020.
             Was an Initiate of Vehumet.
             Engulfed by a cloud of flame (18 damage)
             ... on level 5 of the Dungeon on Dec 3, 2020.
             The game lasted 00:25:23 (7961 turns).

mkm the Firebug (Gargoyle Fire Elementalist)        Turns: 7961, Time: 00:25:23

Health: -2/41      AC:  9    Str: 13      XL:     8   Next: 29%
Magic:  10/15      EV: 12    Int: 19 (20) God:    Vehumet [......]
Gold:   269        SH:  0    Dex:  8 (10) Spells: 5/16 levels left

rFire    . . .     SeeInvis .   e - +2 whip (flame)
rCold    . . .     Faith    .   (no shield)
rNeg     + . .     Spirit   .   a - +0 robe
rPois    ∞         Reflect  .   j - +0 helmet {Int+3}
rElec    +         Harm     .   l - +1 cloak
rCorr    .         Rampage  .   i - +2 pair of gloves
MR       .....                  (no boots)
Stlth    ++........             q - amulet of magic regeneration
HPRegen  0.13/turn              (no ring)
MPRegen  0.39/turn              (no ring)

@: corroded
A: negative energy resistance 1, electricity resistance, unbreathing,
petrification resistance, rot immunity, AC +5
a: Renounce Religion


You were on level 5 of the Dungeon.
You worshipped Vehumet.
Vehumet was noncommittal.
You visited 2 branches of the dungeon, and saw 7 of its levels.

You collected 269 gold pieces.

Inventory:

Hand Weapons
 d - a +2 flail of draining
 e - a +2 whip of flaming (weapon)
 k - a +4 quarterstaff of chaos
Armour
 a - a +0 robe (worn)
 i - a +2 pair of gloves (worn)
 j - a +0 helmet of intelligence (worn)
 l - a +1 cloak (worn)
Jewellery
 n - an uncursed ring of protection from cold {unknown}
 q - an amulet of magic regeneration (around neck)
Wands
 c - a wand of paralysis (7)
 o - a wand of enslavement (15)
Scrolls
 b - 2 scrolls of enchant weapon {unknown}
 g - 2 scrolls of blinking {unknown}
 m - 3 scrolls of teleportation {unknown}
 p - 2 scrolls of magic mapping {unknown}
 r - a scroll of amnesia {unknown}
 t - a scroll of immolation {unknown}
 u - a scroll of random uselessness {unknown}
Potions
 f - a potion of attraction {unknown}
 h - a potion of flight {unknown}
 s - 2 potions of might {unknown}


   Skills:
 - Level 1.5 Dodging
 - Level 2.1 Stealth
 + Level 4.7 Spellcasting
 + Level 5.3 Conjurations
 + Level 3.7 Hexes
 + Level 5.6 Fire Magic


You had 5 spell levels left.
You knew the following spells:

 Your Spells              Type           Power        Failure   Level
a - Foxfire               Conj/Fire      ####         1%          1
b - Inner Flame           Hex/Fire       ###.....     5%          3
c - Conjure Flame         Conj/Fire      ####....     4%          3
d - Sticky Flame          Conj/Fire      ####....     13%         4

Your spell library contained the following spells:

 Spells                   Type           Power        Failure   Level
 Animate Skeleton         Necr           #.....       13%         1
 Pain                     Necr           #...         13%         1
 Vampiric Draining        Necr           #.........   36%         3
 Fireball                 Conj/Fire      ####......   36%         5
 Animate Dead             Necr           #.........   77%         4
 Agony                    Necr           #.......     98%         5


Dungeon Overview and Level Annotations

Branches:
Dungeon (6/15)             Temple (1/1) D:5

Altars:
Elyvilon
Fedhas
Gozag
Uskayaw
Vehumet
Wu Jian
Zin

Shops:
D:4 !


Innate Abilities, Weirdness & Mutations

You are resistant to torment.
Your stone body is resilient. (AC +5)
You are immune to poison.
You resist negative energy. (rN+)
You are resistant to electric shocks. (rElec)
You can survive without breathing.
You are immune to petrification.
You are immune to rotting.


Message History

The jelly is moderately wounded.
The quokka bites you. The leopard gecko barely misses you.
The adder bites you but does no damage. The jelly completely misses you.
The quokka bites you but does no damage.
Casting: Sticky Flame (quite dangerous; 13% risk of failure)
Confirm with . or Enter, or press ? or * to list all spells.
The fire begins to smolder!
The adder misses you. The leopard gecko closely misses you.
The jelly barely misses you. The quokka barely misses you.
Casting: Conjure Flame (dangerous; 4% risk of failure)
Confirm with . or Enter, or press ? or * to list all spells.
The fire ignites!
You are engulfed in blazing flames.
* * * LOW HITPOINT WARNING * * *
The adder bites you but does no damage. The leopard gecko barely misses you.
The quokka closely misses you. The jelly barely misses you.
The adder bites you.
* * * LOW HITPOINT WARNING * * *
Okay, then.
You feel better.
You are engulfed in blazing flames.
You die...

#..# ##### ##.## ##...[ #..#
##.[... ##### ##.## ##......
###...## ##..# ##.......
##......## #..## #........
#........###..# ##.......
#.........#rS## ##......
#.........#l@# #......
#..........J## ##.....
#...........# ##....
#..........## #######.....
#[.....#...#######.......(...
#.######..#.<...>.....#####..
### #............#### ###
###............# #
##....###.......#


You could see a jelly, an adder, a leopard gecko and a quokka.

Vanquished Creatures
  3 ogres
  A phantom (D:3)
  A centaur (D:5)
  Blork the orc (D:4)
  2 howler monkeys (D:5)
  A hound (D:4)
  Crazy Yiuf (D:2)
  4 orc wizards
  A bullfrog skeleton (D:4)
  Ijyb (D:3)
  An iguana (D:4)
  A worker ant (D:4)
  Terence (D:2)
  Robin (D:2)
  2 gnolls (D:5)
  8 adders
  A worm (D:2)
  4 leopard geckos
  12 orcs
  A ball python (D:1)
  9 bats
  3 giant cockroaches
  15 goblins
  9 hobgoblins
  8 jackals
  3 quokkas
  7 frilled lizards
  A jackal skeleton (D:5)
  9 kobolds
  A quokka skeleton (D:4)
  5 rats
118 creatures vanquished.

Vanquished Creatures (others)
  302 foxfires
  A fungus (D:2)
303 creatures vanquished.

Grand Total: 421 creatures vanquished

Notes
Turn   | Place    | Note
-------+----------+-------------------------------------------
     0 | D:1      | mkm the Gargoyle Fire Elementalist began the quest for the
                  | Orb.
     0 | D:1      | Reached XP level 1. HP: 10/10 MP: 3/3
   264 | D:1      | Reached XP level 2. HP: 15/15 MP: 0/5
  1087 | D:1      | Reached XP level 3. HP: 18/19 MP: 2/6
  1459 | D:2      | Found a faded altar of an unknown god.
  1651 | D:2      | Learned a level 3 spell: Inner Flame
  1714 | D:2      | Found a runed translucent door.
  1715 | D:2      | Noticed Crazy Yiuf
  1917 | D:2      | Reached XP level 4. HP: 24/24 MP: 4/8
  2612 | D:2      | Killed Crazy Yiuf
  2865 | D:3      | Noticed Robin
  3335 | D:2      | Killed Robin
  3335 | D:2      | Reached skill level 1 in Hexes
  3335 | D:2      | Reached XP level 5. HP: 21/28 MP: 3/9
  3516 | D:3      | Found a glowing silver altar of Zin.
  3539 | D:3      | Noticed Terence
  3600 | D:2      | Killed Terence
  3684 | D:2      | Learned a level 3 spell: Conjure Flame
  3733 | D:2      | Reached XP level 6. HP: 23/32 MP: 1/11
  4469 | D:3      | Noticed Ijyb
  4473 | D:3      | Killed Ijyb
  4709 | D:3      | Found a white marble altar of Elyvilon.
  4988 | D:4      | Noticed a phantom
  5100 | D:3      | Killed a phantom
  5100 | D:3      | Reached XP level 7. HP: 33/36 MP: 5/12
  5610 | D:4      | Noticed Blork the orc
  5617 | D:4      | Killed Blork the orc
  5617 | D:4      | Reached skill level 5 in Fire Magic
  5980 | D:4      | Learned a level 4 spell: Sticky Flame
  5980 | D:4      | Found an ornate altar of the Wu Jian Council.
  6058 | D:4      | Found Duofioj's Distillery.
  6533 | D:4      | Found a blossoming altar of Fedhas.
  6662 | D:5      | Entered Level 5 of the Dungeon
  6708 | D:5      | Found a hide-covered altar of Uskayaw.
  6712 | D:5      | Found an opulent altar of Gozag.
  6725 | D:5      | Reached skill level 5 in Conjurations
  6725 | D:5      | Reached XP level 8. HP: 21/41 MP: 5/14
  7523 | D:5      | Found a staircase to the Ecumenical Temple.
  7530 | Temple   | Entered the Ecumenical Temple
  7547 | Temple   | Became a worshipper of Vehumet
  7961 | D:5      | Engulfed by a cloud of flame

Illustrated notes

Levels and vault maps discovered:
D:1:      kennysheep_arrival_forest, layout_basic
D:2:      layout_basic, chequers_ecumenical_altar_twisty,
          uniq_crazy_yiuf_cottage
D:3:      layout_loops_ring, nicolae_overflow_crystal_walls, lemuel_round_altar,
          chequers_jeans, st_stairs_14, uniq_ijyb, uniq_robin, uniq_terence
D:4:      layout_cave_pools, old_standard_altar, marbit_many_paths,
          serial_shops, shop_fountains, uniq_blork_the_orc
D:5:      layout_cave_pods, grunt_temple_overflow_open, temple_green,
          enter_ossuary_1
D:6:      layout_cave_pools, nicolae_ru_sacrificial_ziggurat,
          kennysheep_generic_room_14
Temple:   nicolae_temple_figure_eight

Skill      XL: |  1  2  3  4  5  6  7 |
---------------+----------------------+-----
Conjurations   | 2 3 4 5 |  5.3
Spellcasting   | 3 4 |  4.7
Hexes          | 1 2 3 |  3.7
Fire Magic     | 4 5 |  5.6
Dodging        | |  1.5
Stealth        | |  2.1

Action                   |  1- 3 |  4- 6 |  7- 9 || total
-------------------------+-------+-------+-------++-------
Melee: Unarmed           |     4 |       |       ||     4
       Mace              |     3 |       |       ||     3
       Whip              |     4 |    69 |    41 ||   114
 Cast: Foxfire           |    51 |    94 |    50 ||   195
       Conjure Flame     |       |     4 |     4 ||     8
       Inner Flame       |       |     2 |     7 ||     9
       Sticky Flame      |       |       |     3 ||     3
  Use: Scroll            |     2 |     3 |     1 ||     6
       Potion            |       |       |     2 ||     2
Armor: Robe              |     6 |    68 |    46 ||   120
Dodge: Dodged            |    24 |    96 |    84 ||   204

Table legend: (Time is in decaauts)
 A = Elapsed time spent in this place.
 B = Non-inter-level travel time spent in this place.
 C = Inter-level travel time spent in this place.
 D = Time resting spent in this place.
 E = Time spent auto-exploring this place.
 F = Levels seen in this place.
 G = Mean time per level.
                   A        B        C        D        E       F      G
               +--------+--------+--------+--------+--------+-----+--------+
         Total |   7985 |   7826 |    159 |   2700 |   3744 |   7 | 1140.7 |
       Dungeon |   7955 |   7808 |    147 |   2700 |   3744 |   6 | 1325.8 |
        Temple |     29 |     17 |     12 |      0 |      0 |   1 |   29.0 |
               +--------+--------+--------+--------+--------+-----+--------+

Top non-repeatable levels by time:
     D:2: 2070 daAuts
     D:3: 1902 daAuts
     D:1: 1451 daAuts
     D:5: 1261 daAuts
     D:4: 1259 daAuts
  Temple: 29 daAuts
     D:6: 11 daAuts
